 Dungeon Crawl Stone Soup version 0.29-a0-25-g7f48f510a0 (webtiles) character file.

Game seed: 9731109354839303290

37 robertstho the Magician (level 3, 0/26 HPs)
             Began as a Djinni Fire Elementalist on Jan 31, 2022.
             Killed from afar by Natasha (6 damage)
             ... with a magic dart
             ... on level 2 of the Dungeon.
             The game lasted 00:00:44 (1258 turns).

robertstho the Magician (Djinni Fire Elementalist)  Turns: 1258, Time: 00:00:46

Health: 0/26       AC:  2    Str:  7    XL:     3   Next: 60%
Gold:   75         EV: 12    Int: 18    God:
                   SH:  0    Dex: 13

rFire   + + .      SeeInvis .   (no weapon)
rCold   x . .      Faith    .   (no shield)
rNeg    . . .      Spirit   .   a - +0 robe
rPois   ∞          Reflect  .   (no helmet)
rElec   .          Harm     .   (no cloak)
rCorr   .          Rampage  .   (no gloves)
Will    .....                   (boots unavailable)
Stlth   ++........              (no amulet)
HPRegen 0.08/turn               (no ring)
MPRegen 0.00/turn               (no ring)

@: flying, slowed, very slow
A: sickness immunity, fire resistance 2, cold vulnerability 1, float, innate
caster, HP casting, extra vitality 1
a: no special abilities


You were on level 2 of the Dungeon.
You visited 1 branch of the dungeon, and saw 2 of its levels.

You collected 75 gold pieces.

Inventory:

Missiles
 e - a throwing net
Armour
 a - a +0 robe (worn)
Potions
 b - a potion of ambrosia {unknown}
 c - a potion of magic {unknown}
 d - a potion of flight {unknown}


   Skills:
 * Level 0.9 Fighting
 + Level 2.2 Dodging
 + Level 1.6 Stealth
 * Level 3.2 Spellcasting


You couldn't memorise any spells.
You knew the following spells:

 Your Spells              Type           Power      Damage    Failure   Level
a - Foxfire               Conj/Fire      56%        2x1d6     4%          1
b - Scorch                Fire           28%        2d6       6%          2
c - Conjure Flame         Conj/Fire      14%        6-21      13%         3
d - Inner Flame           Hex/Fire       14%        N/A       13%         3
e - Flame Wave            Conj/Fire      14%        2d6       38%         4
f - Sting                 Tmut/Pois      56%        1d5       4%          1
Your spell library was empty.

Dungeon Overview and Level Annotations

Branches:
Dungeon (2/15)

Altars:

Annotations:
D:2 Natasha


Innate Abilities, Weirdness & Mutations

You are immune to sickness and miasma.
You are immune to poison.
Your flesh is very heat resistant. (rF++)
You are vulnerable to cold. (rC-)
You float through the air rather than walking.
You learn spells naturally, not from books.
Your magical power is your life essence.
You have superior vitality. (+4 MHP)


Message History

You kill the jackal!
A jackal comes into view.
Natasha, Servant of Life and Death comes into view.
Casting: Foxfire (safe; 4% risk of failure)
Press: ? - help, Q - select action, (/) - cycle Dir - look around, f - activate You conjure some foxfire!
The foxfire hits the jackal but does no damage.
The foxfire hits the jackal.
The jackal is moderately wounded.
Natasha mumbles some strange words.
Casting: Foxfire (safe; 4% risk of failure)
Press: ? - help, Q - select action, (/) - cycle Dir - look around, f - activate You conjure some foxfire!
The foxfire hits Natasha but does no damage.
The foxfire hits Natasha.
Natasha is moderately wounded.
Natasha stares at you and mumbles some strange words.
You feel as though you will be slow longer.
Casting: Foxfire (safe; 4% risk of failure)
Press: ? - help, Q - select action, (/) - cycle Dir - look around, f - activate You conjure some foxfire!
* * * LOW HITPOINT WARNING * * *
The foxfire hits the jackal but does no damage.
The jackal is moderately wounded.
The foxfire hits Natasha.
Natasha is moderately wounded.
Your foxfire dissipates!
The jackal barely misses you.
Casting: Foxfire (safe; 4% risk of failure)
Press: ? - help, Q - select action, (/) - cycle Dir - look around, f - activate You conjure some foxfire!
* * * LOW HITPOINT WARNING * * *
The foxfire hits the jackal.
The jackal is heavily wounded.
The foxfire hits the jackal.
The jackal is almost dead.
The jackal barely misses you.
Natasha stares at you and mumbles some strange words.
The magic dart hits you.
You die...

#.# ..#( .#
..†.## .# .
#....
#.##.#
....# #....
#..§#.[.
#..hvv##
#..@.h#
#..#§#..5.#
#. #.##.#.#
.. #..#.#.#
## ##<....#
###.#....
.# ## #


You could see Natasha (ally target), a crimson imp (summoned) and a jackal (ally
target).

Vanquished Creatures
  Natasha (D:2)
  2 endoplasms (D:1)
  A goblin (D:1)
  4 jackals
  A bat (D:1)
  A kobold (D:2)
  A rat (D:1)
11 creatures vanquished.

Vanquished Creatures (others)
  43 foxfires
43 creatures vanquished.

Grand Total: 54 creatures vanquished

Notes
Turn   | Place    | Note
-------+----------+-------------------------------------------
     0 | D:1      | robertstho the Djinni Fire Elementalist began the quest for
                  | the Orb.
     0 | D:1      | Reached XP level 1. HP: 15/15 MP: 0/0
   457 | D:1      | Reached XP level 2. HP: 17/22 MP: 0/0
   927 | D:1      | Found a faded altar of an unknown god.
  1242 | D:2      | Noticed Natasha
  1248 | D:2      | Killed Natasha
  1249 | D:2      | Reached skill level 3 in Spellcasting
  1249 | D:2      | Reached XP level 3. HP: 17/26 MP: 0/0
  1249 | D:2      | Learned a level 1 spell: Sting
  1254 | D:2      | Noticed Natasha
  1258 | D:2      | Killed from afar by Natasha

Illustrated notes

Levels and vault maps discovered:
D:1:      tarquinn_simple_flora_water_b, layout_loops_corners,
          dreamdust_ecumenical_altar_sealed_demon, chequers_serial_rivers_marsh
D:2:      layout_rooms, chequers_serial_rivers_large_a, uniq_natasha

Skill      XL: |  1  2 |
---------------+-------+-----
Spellcasting   | 3 |  3.2
Fighting       | |  0.9
Dodging        | |  2.2
Stealth        | |  1.6

Action                   || total
-------------------------++-------
 Cast: Foxfire           ||    30
       Scorch            ||     2
Dodge: Dodged            ||     4

Table legend: (Time is in decaauts)
 A = Elapsed time spent in this place.
 B = Non-inter-level travel time spent in this place.
 C = Inter-level travel time spent in this place.
 D = Time resting spent in this place.
 E = Time spent auto-exploring this place.
 F = Levels seen in this place.
 G = Mean time per level.
                   A        B        C        D        E       F      G
               +--------+--------+--------+--------+--------+-----+--------+
         Total |   1262 |   1231 |     31 |      0 |   1157 |   2 |  631.0 |
       Dungeon |   1262 |   1231 |     31 |      0 |   1157 |   2 |  631.0 |
               +--------+--------+--------+--------+--------+-----+--------+

Top non-repeatable levels by time:
     D:1: 1237 daAuts
     D:2: 25 daAuts
